 Dungeon Crawl Stone Soup version 0.21.0-3-g78d12a8 (webtiles) character file.

67 ZarpasAD the Bolt Thrower (level 4, -1/45 HPs)
             Began as an Ogre Hunter on Jan 15, 2018.
             Slain by a hound (4 damage)
             ... on level 3 of the Dungeon.
             The game lasted 00:30:00 (1388 turns).

ZarpasAD the Bolt Thrower (Ogre Hunter)             Turns: 1388, Time: 00:30:01

Health: -1/45      AC:  3    Str: 16    XL:     4   Next: 18%
Magic:  4/4        EV: 10    Int: 12    God:
Gold:   115        SH:  0    Dex: 10    Spells: 3/3 levels left

rFire    . . .     SeeInvis .   b - +0 short sword
rCold    . . .     Gourm    .   (no shield)
rNeg     . . .     Faith    .   c - +0 robe
rPois    .         Spirit   .   (helmet restricted)
rElec    .         Reflect  .   (no cloak)
rCorr    .         Harm     .   (gloves unavailable)
MR       .....                  (boots unavailable)
Stlth    +.........             (no amulet)
HPRegen  0.15/turn              (no ring)
MPRegen  0.09/turn              (no ring)

@: no status effects
A: large, unfitting armour, tough skin 1
a: no special abilities


You were on level 3 of the Dungeon.
You were not hungry.

You visited 1 branch of the dungeon, and saw 4 of its levels.

You collected 115 gold pieces.

Inventory:

Hand Weapons
 a - a +1 hand crossbow
 b - a +0 short sword (weapon)
 f - a +0 hunting sling
 h - a +0 dagger
 i - a +0 dagger
 k - a +0 short sword
 l - a +0 short sword
 m - a +0 dagger
 n - a +0 mace
 t - a +1 dagger of distortion
 u - a +0 dagger
 z - a +1 morningstar of protection
 B - a cursed -2 club
 C - a +0 short sword of venom
 D - a +0 whip
Missiles
 d - 36 bolts
 g - 42 arrows
 j - 37 stones (quivered)
 s - 32 sling bullets
Armour
 c - a +0 robe (worn)
 p - a +0 ring mail
 y - a +0 leather armour
 A - a +0 leather armour
 E - a +0 ring mail
 F - a +0 ring mail
Wands
 v - a wand of polymorph (4)
Scrolls
 r - a scroll of enchant weapon {unknown}
Potions
 e - a potion of resistance
 q - a potion of degeneration {unknown}
 w - a potion of haste {unknown}
Comestibles
 o - 7 chunks of flesh


   Skills:
 + Level 3.0 Fighting
 + Level 4.0 Crossbows
 + Level 2.0 Dodging
 + Level 0.6 Stealth


You had 3 spell levels left.
You didn't know any spells.

Dungeon Overview and Level Annotations

Branches:
Dungeon (4/15)
 Temple: D:4-7

Altars:


Innate Abilities, Weirdness & Mutations

You are too large for most types of armour.
You have tough skin. (AC +1)


Message History

You closely miss the hound.
The hound is moderately wounded.
The hound bites you. x2
* * * LOW HITPOINT WARNING * * *
The hound bites you.
* * * LOW HITPOINT WARNING * * *
Some of the chunks of flesh in your inventory have rotted away.
You hit the hound but do no damage.
The hound is moderately wounded.
The hound bites you.
* * * LOW HITPOINT WARNING * * *
The hound bites you.
* * * LOW HITPOINT WARNING * * *
The hound bites you but does no damage.
You hit the hound.
The hound is moderately wounded.
The hound bites you.
* * * LOW HITPOINT WARNING * * *
The hound bites you but does no damage. The hound bites you.
You die...

#...
#..#
#..#
#..
...
#h#
#h#
#@#
#h#
#.#
#.#
#.#
..#
###


You could see 2 hounds and a jackal.

Vanquished Creatures
  An ooze (D:2)
  A worm (D:4)
  A dart slug (D:1)
  6 orcs (D:4)
  3 bats (D:1)
  2 giant cockroaches
  18 goblins
  4 hobgoblins
  3 kobolds (D:1)
  2 frilled lizards
  5 rats (D:1)
46 creatures vanquished.

Notes
Turn   | Place    | Note
-------+----------+-------------------------------------------
     0 | D:1      | ZarpasAD the Ogre Hunter began the quest for the Orb.
     0 | D:1      | Reached XP level 1. HP: 22/22 MP: 1/1
    18 | D:1      | Reached skill level 3 in Crossbows
   106 | D:1      | Reached XP level 2. HP: 28/29 MP: 2/2
   534 | D:1      | Reached XP level 3. HP: 36/36 MP: 3/3
  1021 | D:2      | You fall through a shaft for 2 floors!
  1316 | D:4      | Reached skill level 4 in Crossbows
  1316 | D:4      | Reached XP level 4. HP: 45/45 MP: 4/4
  1368 | D:4      | Noticed a slave
  1374 | D:4      | Noticed a phantom
  1381 | D:4      | Noticed a slave
  1383 | D:3      | HP: 2/45 [jackal (1)]
  1388 | D:3      | Slain by a hound

Skill      XL: |  1  2  3  4 |
---------------+-------------+-----
Crossbows      | 3 4 |  4.0
Fighting       | 3 |  3.0
Dodging        | 2 |  2.0
Stealth        | |  0.6

Action                   |  1- 3 |  4- 6 || total
-------------------------+-------+-------++-------
Melee: Short sword       |     8 |     7 ||    15
       Hand crossbow     |     6 |       ||     6
 Fire: Hand crossbow     |    78 |    17 ||    95
  Use: Scroll            |     3 |       ||     3
       Potion            |       |     1 ||     1
  Eat: Ration            |     1 |       ||     1
Armor: Robe              |    20 |     8 ||    28
Dodge: Dodged            |    35 |    22 ||    57
